 Dungeon Crawl Stone Soup version 0.32-a0-953-g508020473e (webtiles) character file.

Game seed: 108427988268438711

552 PriceMaster the Magician (level 7, -3/32 HPs)
             Began as a Spriggan Earth Elementalist on Apr 16, 2024.
             Slain by a bullfrog (7 damage)
             ... on level 5 of the Dungeon on Apr 17, 2024.
             The game lasted 00:05:11 (4576 turns).

PriceMaster the Magician (SpEE)                     Turns: 4576, Time: 00:05:12

Health: -3/32      AC:  2    Str:  4    XL:     7   Next: 8%
Magic:  15/18      EV: 17    Int: 18    God:
Gold:   260        SH:  0    Dex: 16    Spells: 18/19 levels left

rFire   . . .        (weapon restricted)
rCold   . . .        (no shield)
rNeg    . . .        a - +0 robe
rPois   .            (helmet restricted)
rElec   .            (no cloak)
rCorr   .            (gloves unavailable)
SInv    +            (boots unavailable)
Will    +....        (no amulet)
Stlth   +++          (no ring)
HPRegen 0.25/turn    (no ring)
MPRegen 0.16/turn

%: no passive effects
@: very quick
A: very small, no large weapons, unfitting armour, see invisible, speed 3
a: no special abilities


You were on level 5 of the Dungeon.
You visited 1 branch of the dungeon, and saw 5 of its levels.

You collected 260 gold pieces.

Inventory:

Missiles
 u - a throwing net
Armour
 a - a +0 robe (worn)
Magical Staves
 p - a staff of death
Wands
 v - a wand of paralysis (11)
Scrolls
 c - a scroll of poison {unknown}
 d - 3 scrolls of teleportation
 g - a scroll of brand weapon {unknown}
 h - a scroll of vulnerability {unknown}
 i - a scroll of summoning {unknown}
 k - a scroll of revelation {unknown}
 n - a scroll of noise {unknown}
 o - 8 scrolls of identify {unknown}
 q - 2 scrolls of fear {unknown}
 r - a scroll of enchant weapon {unknown}
 t - a scroll of blinking {unknown}
Potions
 b - a potion of magic
 e - 2 potions of curing {unknown}
 f - a potion of enlightenment {unknown}
 j - 2 potions of heal wounds {unknown}
 l - 2 potions of ambrosia {unknown}
 m - 2 potions of berserk rage {unknown}
 s - a potion of mutation {unknown}


   Skills:
 + Level 0.2 Fighting
 + Level 3.4 Dodging
 + Level 4.9 Stealth
 + Level 0.1 Unarmed Combat
 + Level 6.7 Spellcasting
 + Level 0.6 Conjurations
 + Level 4.9 Earth Magic


You had 18 spell levels left.
You knew the following spells:

 Your Spells              Type           Power      Damage    Failure   Level
a - Sandblast             Erth           46%        2d11      1%          1

Your spell library contained the following spells:

 Spells                   Type           Power      Damage    Failure   Level
 Passwall                 Erth           23%        N/A       4%          3
 Stone Arrow              Conj/Erth      32%        3d9       11%         3
 Brom's Barrelling Bould  Conj/Erth      16%        2d4       34%         4
 Petrify                  Alch/Erth      14%        N/A       38%         4


Dungeon Overview and Level Annotations

Branches:
Dungeon (5/15)
 Temple: D:4-7

Altars:
Okawaru


Innate Abilities, Weirdness & Mutations

You are very small and have problems with some larger weapons.
You are too small for most types of armour.
You have supernaturally acute eyesight. (SInv)
You cover ground extremely quickly. (Speed+++)


Message History

The bullfrog gives a loud, deep croak!
The orc shouts!
The orc warrior shouts!
The orc priest shouts!
The orc wizard gestures at you while chanting.
You resist with almost no effort.
The orc shouts!
There are monsters nearby!
There are monsters nearby!
The blast of sand hits the orc wizard!
The orc wizard is almost dead.
The orc wizard casts a spell at you. The magic dart hits you!
The orc priest invokes the aid of Beogh against you.
Beogh smites you!
The orc priest shouts, "Surrender to Beogh and we'll let you live!" (press Y on the ability menu to convert to Beogh)
Okay, then.
Casting: Sandblast (safe; 1% risk of failure)
Confirm with . or Enter, or press ? or * to list all spells.
Aiming: Sandblast (safe; 1% risk of failure)
Press: ? - help, Shift-Dir - straight line, f/p - orc wizard
Aim: an orc wizard, wielding a +0 dagger and wearing a +0 robe (almost dead, 79% to hit)
The blast of sand hits the orc wizard!
You kill the orc wizard!
Unknown command.
The bullfrog attacks as it pursues you! The bullfrog misses you.
Okay, then.
The bullfrog hits you.
* * * LOW HITPOINT WARNING * * *
The bullfrog attacks as it pursues you! The bullfrog misses you.
Casting: Sandblast (safe; 1% risk of failure)
Confirm with . or Enter, or press ? or * to list all spells.
Aiming: Sandblast (safe; 1% risk of failure)
Press: ? - help, Shift-Dir - straight line, f - bullfrog
Aim: a bullfrog (79% to hit)
The blast of sand hits the bullfrog.
The bullfrog is moderately wounded.
The bullfrog hits you.
* * * LOW HITPOINT WARNING * * *
The bullfrog hits you!
You die...

.......###... ##. #...
......## ### #.. ...
......# #.##o. ...#..#
##.#o. . ..##..#
#..#)###..# ##
##÷###############..#o....#
#..†...........##.....#
#.†#............#.#####
#..###......@F.o...##
##.####...(.....>...# #..#
###...........# #..#
####........# #..#
####.....# ######..####
#..#### ...........####
#.## ..............### #.#
######..........##..#


You could see a bullfrog and an orc.

Vanquished Creatures
  Blork the orc (D:5)
  A scorpion (D:4)
  A bombardier beetle (D:5)
  2 hounds
  3 iguanas (D:5)
  A jelly (D:4)
  Natasha (twice) (D:3)
  Terence (D:3)
  An orc wizard (D:5)
  3 adders
  A ribbon worm (D:2)
  4 orcs
  11 ball pythons
  9 bats
  11 endoplasms
  3 giant cockroaches
  10 goblins
  9 hobgoblins
  5 jackals (D:1)
  8 kobolds
  A quokka (D:1)
  2 frilled lizards
  3 rats (D:2)
93 creatures vanquished.

Notes
Turn   | Place    | Note
-------+----------+-------------------------------------------
     0 | D:1      | PriceMaster the Spriggan Earth Elementalist began the quest
                  | for the Orb.
     0 | D:1      | Reached XP level 1. HP: 9/9 MP: 5/5
   220 | D:1      | Reached skill level 3 in Spellcasting
   239 | D:1      | Reached XP level 2. HP: 13/13 MP: 5/7
   695 | D:1      | Reached XP level 3. HP: 16/16 MP: 6/8
  1964 | D:2      | Reached XP level 4. HP: 21/21 MP: 4/10
  1965 | D:2      | Reached skill level 4 in Spellcasting
  2613 | D:3      | Noticed Natasha
  2620 | D:3      | Killed Natasha
  2669 | D:3      | Noticed Terence
  2678 | D:3      | HP: 1/21 [Terence/+0 trident (6)]
  2700 | D:3      | Killed Terence
  3004 | D:3      | Reached XP level 5. HP: 24/24 MP: 9/12
  3033 | D:3      | Noticed Natasha
  3036 | D:3      | Killed Natasha
  3315 | D:4      | Reached skill level 5 in Spellcasting
  3398 | D:4      | Reached XP level 6. HP: 28/28 MP: 11/14
  3689 | D:4      | Found an iron altar of Okawaru.
  4048 | D:5      | Entered Level 5 of the Dungeon
  4313 | D:5      | Noticed Blork the orc
  4321 | D:5      | Killed Blork the orc
  4418 | D:5      | Reached skill level 6 in Spellcasting
  4484 | D:5      | Reached XP level 7. HP: 17/32 MP: 10/17
  4576 | D:5      | Slain by a bullfrog

Illustrated notes

Levels and vault maps discovered:
D:1:      dpeg_arrival_rhombi, layout_loops_ring, chequers_serial_rivers_room_a
D:2:      minmay_inner_zag, layout_loops_ring, minmay_pentomino_p2
D:3:      layout_basic, uniq_terence, uniq_natasha
D:4:      layout_loops_ring, nicolae_overflow_hidden_temple, grunt_ministairs_4
D:5:      minmay_evil_eye, layout_cave_pods, uniq_blork_the_orc

Skill      XL: |  1  2  3  4  5  6 |
---------------+-------------------+-----
Spellcasting   | 3 4 5 6 |  6.7
Earth Magic    | 3 4 |  4.9
Dodging        | 3 |  3.4
Stealth        | 4 |  4.9
Fighting       | |  0.2
Unarmed Combat | |  0.1
Conjurations   | |  0.6

Action                     |  1- 3 |  4- 6 |  7- 9 || total
---------------------------+-------+-------+-------++-------
  Melee: Unarmed           |    40 |       |       ||    40
   Cast: Sandblast         |    72 |    88 |     3 ||   163
    Use: Scroll            |       |     1 |       ||     1
   Stab: Sleeping          |     2 |       |       ||     2
 Armour: Robe              |    32 |    22 |     4 ||    58
  Dodge: Dodged            |    89 |    56 |     2 ||   147

Table legend: (Time is in decaauts)
 A = Elapsed time spent in this place.
 B = Non-inter-level travel time spent in this place.
 C = Inter-level travel time spent in this place.
 D = Time resting spent in this place.
 E = Time spent auto-exploring this place.
 F = Levels seen in this place.
 G = Mean time per level.
                   A        B        C        D        E       F      G
               +--------+--------+--------+--------+--------+-----+--------+
         Total |   3473 |   3382 |     91 |    149 |   2695 |   5 |  694.6 |
       Dungeon |   3473 |   3382 |     91 |    149 |   2695 |   5 |  694.6 |
               +--------+--------+--------+--------+--------+-----+--------+

Top non-repeatable levels by time:
     D:2: 921 daAuts
     D:1: 770 daAuts
     D:3: 708 daAuts
     D:4: 702 daAuts
     D:5: 371 daAuts
